 Dungeon Crawl Stone Soup version 0.27.1-2-g3b301248ec (webtiles) character file.

Game seed: 14029724843511885943

42 Descartes the Conjurer (level 3, 0/20 HPs)
             Began as a Tengu Wanderer on Oct 3, 2021.
             Succumbed to an adder's poison
             ... on level 2 of the Dungeon.
             The game lasted 00:02:30 (1764 turns).

Descartes the Conjurer (Tengu Wanderer)             Turns: 1764, Time: 00:02:30

Health: 0/20       AC:  5    Str: 12    XL:     3   Next: 54%
Magic:  5/5        EV: 10    Int: 11    God:
Gold:   9          SH:  0    Dex: 15    Spells: 2/4 levels left

rFire    + . .     SeeInvis .   a - +0 dagger
rCold    . . .     Faith    .   (no shield)
rNeg     . . .     Spirit   .   e - +0 ring mail {rF+}
rPois    .         Reflect  .   (helmet restricted)
rElec    .         Harm     .   (no cloak)
rCorr    .         Rampage  .   (no gloves)
Will     .....                  (boots unavailable)
Stlth    +.........             (no amulet)
HPRegen  0.06/turn              (no ring)
MPRegen  0.09/turn              (no ring)

@: lethally poisoned (0 -> -5)
A: beak, talons 3
a: no special abilities


You were on level 2 of the Dungeon.
You visited 1 branch of the dungeon, and saw 2 of its levels.

You collected 9 gold pieces.

Inventory:

Hand Weapons
 a - a +0 dagger (weapon)
Missiles
 c - 27 sling bullets
 d - 43 stones (quivered)
Armour
 e - a +0 ring mail of fire resistance (worn)
Scrolls
 f - 2 scrolls of identify {unknown}
 h - a scroll of enchant armour {unknown}
Potions
 b - a potion of heal wounds {unknown}
 g - a potion of curing {unknown}


   Skills:
 - Level 1.0 Fighting
 - Level 3.2 Bows
 - Level 1.1 Armour
 - Level 1.0 Stealth
 - Level 1.0 Shields
 - Level 1.0 Spellcasting
 + Level 3.9 Conjurations
 - Level 1.5 Translocations
 + Level 0.3 Earth Magic


You had 2 spell levels left.
You knew the following spells:

 Your Spells              Type           Power      Damage    Failure   Level
a - Magic Dart            Conj           36%        1d4       14%         1
b - Apportation           Tloc           8%         N/A       36%         1

Your spell library contained the following spells:

 Spells                   Type           Power      Damage    Failure   Level
 Blink                    Tloc           N/A        N/A       52%         2
 Call Imp                 Summ           0%         N/A       73%         2
 Slow                     Hex            0%         N/A       73%         2
 Sublimation of Blood     Necr           0%         N/A       73%         2
 Wereblood                Tmut           0%         N/A       73%         2
 Stone Arrow              Conj/Erth      10%        3d7       67%         3
 Conjure Flame            Conj/Fire      4%         6-21      69%         3
 Teleport Other           Tloc           4%         N/A       75%         3
 Mephitic Cloud           Conj/Pois/Air  3%         N/A       78%         3
 Bolt of Magma            Conj/Fire/Erth 1%         4d4       100%        5
 Summon Hydra             Summ           0%         N/A       100%        7
 Shatter                  Erth           0%         3d5*      100%        9


Dungeon Overview and Level Annotations

Branches:
Dungeon (2/15)

Altars:


Innate Abilities, Weirdness & Mutations

You have a beak for a mouth.
You have claws for feet.


Message History

You hit the adder. You claw the adder.
The adder is lightly wounded.
The adder bites you.
You are poisoned.
The adder poisons you!
You barely miss the adder. You claw the adder.
The adder is heavily wounded.
You feel sick. The adder bites you but does no damage.
You closely miss the adder.
The adder is heavily wounded.
You feel sick. The adder bites you.
You are more poisoned.
The adder poisons you!
You closely miss the adder. Your kick misses the adder.
The adder is heavily wounded.
You feel sick. The adder bites you but does no damage. The adder bites you.
You are too injured to fight recklessly!
You are too injured to fight recklessly!
You are too injured to fight recklessly!
You are too injured to fight recklessly!
You are too injured to fight recklessly!
You are too injured to fight recklessly!
You are too injured to fight recklessly!
You are too injured to fight recklessly!
You are too injured to fight recklessly!
You are too injured to fight recklessly!
You closely miss the adder. Your kick misses the adder.
You peck the adder, but do no damage.
The adder is heavily wounded.
* * * LOW HITPOINT WARNING * * *
You feel sick. The adder bites you.
* * * LOW HITPOINT WARNING * * *
You completely miss the adder. Your kick misses the adder.
The adder is heavily wounded.
* * * LOW HITPOINT WARNING * * *
You feel sick. The adder closely misses you.
You barely miss the adder. Your kick misses the adder.
Your peck misses the adder.
The adder is heavily wounded.
You die...

#.#<..# ##.#.#
#.########.#.#
#.....†....#.#
############.#
#.# #.#
...####.#
.......>#######
#....#...@S...#
#... #........#
#.. #........#
#. #........# +
..........#
...........#
....#.#######
......


You could see an adder.

Vanquished Creatures
  An adder (D:2)
  A dart slug (D:2)
  A ball python (D:1)
  4 endoplasms (D:1)
  2 giant cockroaches (D:1)
  2 hobgoblins (D:1)
  4 jackals (D:1)
  6 bats (D:1)
  3 frilled lizards (D:1)
  3 goblins (D:1)
  2 rats (D:1)
29 creatures vanquished.

Notes
Turn   | Place    | Note
-------+----------+-------------------------------------------
     0 | D:1      | Descartes the Tengu Wanderer began the quest for the Orb.
     0 | D:1      | Descartes set off with the following items: a +0 dagger, a
                  | +0 ring mail; and the following spells available to
                  | memorise: Apportation, Blink, Magic Dart, Call Imp, Slow,
                  | Teleport Other, Conjure Flame, Mephitic Cloud
     0 | D:1      | Reached XP level 1. HP: 12/12 MP: 3/3
     2 | D:1      | Learned a level 1 spell: Magic Dart
     4 | D:1      | Learned a level 1 spell: Apportation
    15 | D:1      | Found a faded altar of an unknown god.
    33 | D:1      | Reached skill level 1 in Conjurations
    59 | D:1      | Reached XP level 2. HP: 4/16 MP: 4/4
   999 | D:1      | Reached XP level 3. HP: 15/20 MP: 5/5
  1763 | D:2      | HP: 1/20 [poisoned by an adder]
  1764 | D:2      | Succumbed to an adder's poison

Illustrated notes

Levels and vault maps discovered:
D:1:      lightli_arrival_chessboard, layout_basic, serial_forest,
          infiniplex_forest_zigzag_1, infiniplex_forest_split,
          infiniplex_forest_split, infiniplex_forest_straight_3,
          infiniplex_forest_lined_corner, infiniplex_forest_clump_C,
          infiniplex_forest_lined_1, shapermc_ecumenical_altar_gd
D:2:      layout_basic, serial_shops, shop, minmay_pentomino_s4

Skill      XL: |  1  2 |
---------------+-------+-----
Conjurations   | 2 3 |  3.9
Fighting       | |  1.0
Bows           | |  3.2
Armour         | |  1.1
Stealth        | |  1.0
Shields        | |  1.0
Spellcasting   | |  1.0
Translocations | |  1.5
Earth Magic    | |  0.3

Action                   || total
-------------------------++-------
Melee: Dagger            ||    86
       Kick              ||    26
       Peck              ||    16
 Cast: Magic Dart        ||     2
 Stab: Sleeping          ||     2
Armor: Ring mail         ||    36
Dodge: Dodged            ||    56
